 Dungeon Crawl Stone Soup version 0.17-a0-1632-g0af21bd (webtiles) character file.

709 urechis the Ruffian (level 7, -4/71 HPs)
             Began as a Troll Monk on Aug 3, 2015.
             Slain by a wyvern (15 damage)
             ... on level 5 of the Dungeon.
             The game lasted 00:04:51 (2636 turns).

urechis the Ruffian (Troll Monk)                    Turns: 2636, Time: 00:04:51

Health: -4/71      AC:  5    Str: 20    XL:     7   Next: 40%
Magic:  6/6        EV: 10    Int:  6    God:
Gold:   178        SH:  0    Dex: 14    Spells: 0 memorised, 6 levels left

rFire  . . .     SeeInvis .       - Unarmed
rCold  . . .     Clarity  .     a - +0 robe
rNeg   . . .     SustAt   .     (no shield)
rPois  .         Gourm    +     (helmet restricted)
rElec  .         Spirit   .     (no cloak)
rCorr  .         Warding  .     (gloves unavailable)
rMut   .         Stasis   .     (boots unavailable)
MR     .....                    (no amulet)
Stlth  ++........               (no ring)
                                (no ring)

@: not resistant to hostile enchantments, unstealthy
A: unfitting armour, claws 3, fast metabolism 3, gourmand, regeneration 2,
shaggy fur 1, tough skin 2
a: no special abilities


You were on level 5 of the Dungeon.
You were not hungry.

You visited 1 branch of the dungeon, and saw 5 of its levels.

You collected 178 gold pieces.

Inventory:

Armour
 a - a +0 robe (worn)
Jewellery
 l - an uncursed amulet of regeneration {unknown}
 m - an uncursed ring of protection from magic {unknown}
Scrolls
 c - 2 scrolls of remove curse {unknown}
 e - 7 scrolls of identify {unknown}
 g - a scroll of noise {unknown}
 h - a scroll of amnesia {unknown}
 j - a scroll of fear {unknown}
 n - a scroll of fog {unknown}
 p - a scroll of random uselessness {unknown}
Potions
 d - 2 potions of agility {unknown}
 i - 2 potions of berserk rage {unknown}
 k - a potion of might {unknown}
 o - a potion of poison {unknown}
 q - a potion of ambrosia {unknown}
 r - a potion of curing {unknown}
Comestibles
 b - 4 bread rations
 f - 2 meat rations


   Skills:
 + Level 4.6 Fighting
 - Level 2.4 Dodging
 - Level 1.1 Stealth
 * Level 7.8 Unarmed Combat


You had 6 spell levels left.
You didn't know any spells.

Dungeon Overview and Level Annotations

Branches:
Dungeon (5/15)             Temple (0/1) D:4

Altars:
Ashenzari
Dithmenos
Gozag
Nemelex Xobeh
Xom
Yredelemnul

Annotations:
D:5 Dowan, Duvessa


Innate Abilities, Weirdness & Mutations

You are too large for most types of armour.
You have claws for hands.
Your metabolism is lightning-fast.
You like to eat raw meat.
You heal very quickly.
You are covered in fur (AC +1).
You have very tough skin (AC +2).


Message History

You are too injured to fight recklessly!
There is an open door here.
You see here 2 tomahawks.
The wyvern bites you but does no damage.
You see here a tomahawk.
The wyvern bites you but does no damage.
The wyvern closely misses you. The wyvern closely misses you.
The wyvern barely misses you. The wyvern barely misses you.
The wyvern barely misses you. The wyvern barely misses you.
The wyvern bites you!
* * * LOW HITPOINT WARNING * * *
The sentinel's mark upon you fades away.
The wyvern barely misses you.
Duvessa, Sister of Dowan comes into view.
She is wielding a rapier of speed.
An ice beast comes into view.
The wyvern bites you!
You die...

#....#.#
########.##.#S#
..........Y.#.#
.#######.#.e..#
#o#e#### #s#.#
#.#.# #o#<#
#.#@# #S#l#
#.#S# #...#
#.### ###


You could see Duvessa, a water moccasin, a wyvern, an ice beast (wandering) and
Dowan.

Vanquished Creatures
  3 ogres
  An ice beast (D:5)
  A crimson imp (D:5)
  A hound (D:3)
  An orc priest (D:3)
  Jessica (D:2)
  2 worker ants (D:4)
  Terence (D:2)
  An iguana (D:4)
  4 adders
  A worm (D:2)
  15 orcs
  2 ball pythons
  3 giant cockroaches
  7 goblins
  4 hobgoblins
  7 jackals
  3 quokkas
  5 bats
  3 giant newts
  A jackal skeleton (D:4)
  6 kobolds
  A quokka zombie (D:3)
  5 rats (D:1)
79 creatures vanquished.

Notes
Turn   | Place    | Note
--------------------------------------------------------------
     0 | D:1      | urechis the Troll Monk began the quest for the Orb.
     0 | D:1      | Reached XP level 1. HP: 22/22 MP: 0/0
   177 | D:1      | Reached XP level 2. HP: 27/29 MP: 1/1
   530 | D:2      | Noticed Jessica
   535 | D:2      | Killed Jessica
   535 | D:2      | Reached XP level 3. HP: 34/37 MP: 2/2
   536 | D:2      | Found a basalt altar of Yredelemnul.
   658 | D:2      | Found a shadowy altar of Dithmenos.
   715 | D:2      | Reached skill level 5 in Unarmed Combat
   724 | D:2      | Noticed Terence
   730 | D:2      | Killed Terence
   730 | D:2      | Reached XP level 4. HP: 45/45 MP: 3/3
  1051 | D:3      | Found a shimmering altar of Xom.
  1085 | D:3      | Reached XP level 5. HP: 53/53 MP: 4/4
  1159 | D:3      | Noticed an ogre
  1169 | D:3      | Killed an ogre
  1169 | D:3      | Reached skill level 6 in Unarmed Combat
  1343 | D:3      | Found a shattered altar of Ashenzari.
  1421 | D:3      | Reached XP level 6. HP: 58/62 MP: 5/5
  2196 | D:4      | Reached skill level 7 in Unarmed Combat
  2233 | D:4      | Found a staircase to the Ecumenical Temple.
  2238 | D:4      | Reached XP level 7. HP: 70/70 MP: 6/6
  2318 | D:4      | Found a sparkling altar of Nemelex Xobeh.
  2319 | D:4      | Found an opulent altar of Gozag.
  2565 | D:5      | Entered Level 5 of the Dungeon
  2608 | D:5      | Noticed a wyvern
  2615 | D:5      | Noticed Dowan
  2635 | D:5      | Noticed Duvessa
  2636 | D:5      | Slain by a wyvern

Vault maps used:
D:1:      mrwooster_arrival_statue_3
D:2:      grunt_dithmenos_smoke, yredelemnul_altar_generic, uniq_terence,
          uniq_jessica
D:3:      evilmike_ruin_ashenzari, nicolae_overflow_crystal_walls,
          serial_curves, eino_curves_04, eino_curves_04
D:4:      grunt_temple_overflow_opulence, minmay_temple_entry_nine_rooms
D:5:      cheibriados_altar_1, gammafunk_temple_overflow_statue, first_bread,
          uniq_duvessa

Action                   |  1- 3 |  4- 6 |  7- 9 || total
-------------------------+-------+-------+-------++-------
Melee: Unarmed           |    85 |    94 |    46 ||   225
 Stab: Sleeping          |     1 |     1 |     1 ||     3
  Eat: Chunk             |    12 |    12 |       ||    24
